 Dungeon Crawl Stone Soup version 0.27-a0-78-g75406f0b48 (webtiles) character file.

Game seed: 1122553374134344054

1318 Murumi the Chucker (level 8, -15/78 HPs)
             Began as an Ogre Conjurer on Jan 14, 2021.
             Was a Follower of Okawaru.
             Demolished by Menkaure (23 damage)
             ... on level 6 of the Dungeon.
             The game lasted 00:18:47 (6930 turns).

Murumi the Chucker (Ogre Conjurer)                  Turns: 6930, Time: 00:18:48

Health: -15/78     AC:  4    Str: 14    XL:     8   Next: 59%
Magic:  2/12       EV: 10    Int: 19    God:    Okawaru [*.....]
Gold:   294        SH:  0    Dex:  7    Spells: 10/13 levels left

rFire    . . .     SeeInvis .   n - +0 whip
rCold    . . .     Faith    .   (no shield)
rNeg     . . .     Spirit   .   a - +1 robe
rPois    .         Reflect  .   (helmet restricted)
rElec    .         Harm     .   (no cloak)
rCorr    .         Rampage  .   (gloves unavailable)
Will     .....                  (boots unavailable)
Stlth    ++........             (no amulet)
HPRegen  0.23/turn              y - ring of wizardry
MPRegen  0.13/turn              (no ring)

@: lethally poisoned (-15 -> -17), flying, hasted, invisible, very quick
A: large, unfitting armour, tough skin 1
a: Renounce Religion, Heroism


You were on level 6 of the Dungeon.
You worshipped Okawaru.
Okawaru was aware of your devotion.
You visited 2 branches of the dungeon, and saw 7 of its levels.

You collected 294 gold pieces.

Inventory:

Hand Weapons
 n - a +0 whip (weapon)
 o - a +0 whip
 z - a +0 giant spiked club
Missiles
 f - 120 stones
 j - 4 large rocks (quivered)
 r - 8 boomerangs
Armour
 a - a +1 robe (worn)
Jewellery
 d - an uncursed ring of fire
 y - a ring of wizardry (left hand)
Scrolls
 b - 2 scrolls of fog
 q - 2 scrolls of teleportation
 v - 2 scrolls of remove curse
 w - a scroll of amnesia
Potions
 c - 4 potions of mutation
 e - 2 potions of brilliance
 g - a potion of berserk rage {unknown}
 h - a potion of flight
 i - 2 potions of haste
 k - a potion of curing {unknown}
 l - a potion of resistance {unknown}
 m - a potion of invisibility
 p - a potion of ambrosia {unknown}
 s - a potion of lignification {unknown}
 t - a potion of might {unknown}
 u - a potion of magic {unknown}
 x - a potion of cancellation {unknown}


   Skills:
 - Level 4.0 Fighting
 - Level 5.0 Maces & Flails
 + Level 5.4 Throwing
 - Level 2.0 Dodging
 - Level 4.0 Stealth
 - Level 3.0 Spellcasting
 - Level 4.0 Conjurations
 - Level 1.0 Invocations


You had 10 spell levels left.
You knew the following spells:

 Your Spells              Type           Power        Failure   Level
a - Magic Dart            Conj           72%          1%          1
b - Searing Ray           Conj           36%          1%          2

Your spell library contained the following spells:

 Spells                   Type           Power        Failure   Level
 Sublimation of Blood     Necr           1%           9%          2
 Dazzling Flash           Conj/Hex       20%          9%          3
 Ignite Poison            Fire/Tmut/Pois 2%           17%         3
 Fulminant Prism          Conj/Hex       5%           26%         4
 Iskenderun's Mystic Bla  Conj/Tloc      10%          26%         4
 Petrify                  Tmut/Erth      2%           50%         4
 Irradiate                Conj/Tmut      5%           56%         5
 Alistair's Intoxication  Tmut/Pois      1%           82%         5
 Eringya's Noxious Bog    Tmut/Pois      1%           100%        6


Dungeon Overview and Level Annotations

Branches:
Dungeon (6/15)             Temple (1/1) D:5

Altars:
Ashenzari
Cheibriados
Dithmenos
Fedhas
Gozag
Hepliaklqana
Kikubaaqudgha
Makhleb
Nemelex Xobeh
Okawaru
Sif Muna
Uskayaw
Wu Jian
Xom
Yredelemnul
Zin
The Shining One

Annotations:
D:6 Menkaure


Innate Abilities, Weirdness & Mutations

You are too large for most types of armour.
You have tough skin. (AC +1)


Message History

Menkaure is moderately damaged.
You feel sick.
You hit Menkaure.
Menkaure is heavily damaged.
You feel sick.
Menkaure casts a spell.
Menkaure seems to speed up.
You hit Menkaure.
Menkaure is heavily damaged.
Menkaure hits you!
* * * LOW HITPOINT WARNING * * *
You feel yourself speed up.
You feel sick. Menkaure hits you.
* * * LOW HITPOINT WARNING * * *
It was a potion of flight.
You feel very buoyant.
You fly up into the air.
Menkaure barely misses you.
It was a potion of invisibility.
You fade into invisibility!
Menkaure hits you!!
You die...

.♣♣÷...P♣♣♣.#(.##+##
♣P....P..♣♣(##(##.#
...♣..♣♣♣♣#(..(...#
.....♣♣♣P♣...##(### ((
.#....P♣P....##(####((...
.....♣P♣.P#..#...†(......
...#♣........#.#(##......
.......♣♣P.....#M# .....
._..♣.♣♣P.#.####@# ......
.......♣♣.♣.####.##......
...#..P..♣..##...........
.....♣.♣.♣♣ ##.#..#......
.#..8P.♣.♣ #.##?# ....#
......♣..P# # #.. ..##
P....♣.♣♣P♣ ...( ...
....P♣.P♣ . ##... ..
.♣..♣♣♣♣♣ .... #


You could see Menkaure (fast).

Vanquished Creatures
  Prince Ribbit (D:6)
  An ice beast (D:6)
  A sky beast (D:5)
  A black bear (D:3)
  A centaur (D:5)
  An ogre (D:6)
  A bullfrog (D:6)
  A water moccasin zombie (D:6)
  2 howler monkeys (D:6)
  A bullfrog skeleton (D:6)
  2 hounds (D:5)
  An orc wizard (D:5)
  An iguana (D:4)
  5 worker ants
  2 worker ant zombies
  7 adders
  2 river rats (D:6)
  A shadow imp (D:5)
  2 white imps
  An ufetubus (D:5)
  2 oozes
  2 worms
  4 leopard geckos
  9 orcs
  3 giant cockroaches
  5 goblins
  7 hobgoblins
  8 jackals
  6 kobolds
  4 quokkas
  A ball python (D:2)
  3 bats
  4 frilled lizards
  A leopard gecko skeleton (D:4)
  5 rats
99 creatures vanquished.

Vanquished Creatures (others)
  42 plants
42 creatures vanquished.

Grand Total: 141 creatures vanquished

Notes
Turn   | Place    | Note
-------+----------+-------------------------------------------
     0 | D:1      | Murumi the Ogre Conjurer began the quest for the Orb.
     0 | D:1      | Reached XP level 1. HP: 16/16 MP: 3/3
   502 | D:1      | Reached XP level 2. HP: 22/24 MP: 0/5
   505 | D:1      | Learned a level 2 spell: Searing Ray
  1357 | D:2      | Reached XP level 3. HP: 31/31 MP: 4/7
  1897 | D:2      | Reached skill level 1 in Throwing
  2102 | D:2      | Reached skill level 1 in Maces & Flails
  2102 | D:2      | Reached skill level 1 in Fighting
  2102 | D:2      | Reached XP level 4. HP: 41/41 MP: 4/8
  2438 | D:3      | Noticed a black bear
  2452 | D:3      | Killed a black bear
  2453 | D:3      | Reached XP level 5. HP: 32/49 MP: 0/9
  2827 | D:3      | Found an ancient bone altar of Kikubaaqudgha.
  3054 | D:3      | Found a hazy altar of Hepliaklqana.
  3416 | D:4      | Reached XP level 6. HP: 57/57 MP: 5/10
  4106 | D:5      | Entered Level 5 of the Dungeon
  4626 | D:5      | Found a staircase to the Ecumenical Temple.
  4635 | Temple   | Entered the Ecumenical Temple
  4642 | Temple   | Became a worshipper of Warmaster Okawaru
  4775 | D:5      | Reached skill level 1 in Invocations
  5072 | D:5      | Reached * piety under Okawaru
  5073 | D:5      | Reached XP level 7. HP: 28/67 MP: 6/11
  6100 | D:6      | Noticed Prince Ribbit
  6109 | D:6      | Killed Prince Ribbit
  6110 | D:6      | Reached XP level 8. HP: 13/78 MP: 0/12
  6395 | D:6      | Reached skill level 5 in Throwing
  6614 | D:6      | Found a blossoming altar of Fedhas.
  6890 | D:6      | Reached skill level 5 in Maces & Flails
  6919 | D:6      | Noticed Menkaure
  6930 | D:6      | Demolished by Menkaure

Illustrated notes

Levels and vault maps discovered:
D:1:      minmay_arrival_nine_rooms, layout_loops_ring
D:2:      layout_basic
D:3:      layout_rooms, nzn_hepliaklqana_mist_gate,
          lemuel_coloured_pillars_altar
D:4:      cheibrodos_old_hovel, layout_basic, minmay_misc_feat_hallway,
          kennysheep_boxes
D:5:      layout_cave_pools, minmay_temple_entry_offerings
D:6:      wad_woods_stonehenge, layout_basic, general_overflow_altar,
          ebering_ghost_sewer_d, uniq_menkaure, uniq_prince_ribbit1
Temple:   nicolae_temple_no_exploring_needed

Skill      XL: |  1  2  3  4  5  6  7  8 |
---------------+-------------------------+-----
Conjurations   | 4 |  4.0
Spellcasting   | 3 |  3.0
Dodging        | 2 |  2.0
Stealth        | 2 3 4 |  4.0
Throwing       | 1 2 3 4 5 |  5.4
Maces & Flails | 1 2 3 4 5 |  5.0
Fighting       | 1 2 3 4 |  4.0
Invocations    | 1 |  1.0

Action                   |  1- 3 |  4- 6 |  7- 9 || total
-------------------------+-------+-------+-------++-------
Melee: Unarmed           |    10 |       |       ||    10
       Club              |     5 |       |       ||     5
       Whip              |       |    30 |    55 ||    85
Throw: Stone             |     7 |    42 |    49 ||    98
       Large rock        |       |       |     3 ||     3
 Cast: Magic Dart        |    54 |    14 |       ||    68
       Searing Ray       |     6 |    28 |    20 ||    54
Invok: Heroism           |       |       |     1 ||     1
  Use: Scroll            |     5 |     5 |     2 ||    12
       Potion            |       |       |     3 ||     3
 Stab: Sleeping          |       |       |     1 ||     1
Armor: Robe              |     8 |     4 |    17 ||    29
Dodge: Dodged            |    10 |    31 |    46 ||    87

Table legend: (Time is in decaauts)
 A = Elapsed time spent in this place.
 B = Non-inter-level travel time spent in this place.
 C = Inter-level travel time spent in this place.
 D = Time resting spent in this place.
 E = Time spent auto-exploring this place.
 F = Levels seen in this place.
 G = Mean time per level.
                   A        B        C        D        E       F      G
               +--------+--------+--------+--------+--------+-----+--------+
         Total |   6931 |   6522 |    409 |    373 |   5403 |   7 |  990.1 |
       Dungeon |   6916 |   6520 |    396 |    373 |   5403 |   6 | 1152.7 |
        Temple |     14 |      1 |     13 |      0 |      0 |   1 |   14.0 |
               +--------+--------+--------+--------+--------+-----+--------+

Top non-repeatable levels by time:
     D:5: 1669 daAuts
     D:4: 1555 daAuts
     D:2: 1437 daAuts
     D:1: 948 daAuts
     D:3: 739 daAuts
     D:6: 567 daAuts
  Temple: 14 daAuts
